 Dungeon Crawl Stone Soup version 0.26.1-2-gb8aa6d0cf2 (webtiles) character file.

Game seed: 13609804656483931025

3853 Ladykiller69 the Fighter (level 10, -2/106 HPs)
             Began as an Ogre Gladiator on Mar 17, 2021.
             Was a Priest of Okawaru.
             Shot with a sling bullet by Joseph (8 damage)
             ... on level 8 of the Dungeon.
             The game lasted 00:17:54 (11663 turns).

Ladykiller69 the Fighter (Ogre Gladiator)          Turns: 11663, Time: 00:17:54

Health: -2/106     AC:  3    Str: 23    XL:     10   Next: 18%
Magic:  10/10      EV: 11    Int:  9    God:    Okawaru [***...]
Gold:   386        SH: 10    Dex: 10    Spells: 9/9 levels left

rFire    . . .     SeeInvis .   w - +8 autumn katana {vorpal, Clar}
rCold    . . .     Faith    .   y - +0 kite shield
rNeg     . . .     Spirit   .   b - +0 robe
rPois    .         Reflect  .   c - +0 hat
rElec    .         Harm     .   (no cloak)
rCorr    .         Rampage  .   (gloves unavailable)
Will     +....     Clarity  +   (boots unavailable)
Stlth    +.........             (no amulet)
HPRegen  0.27/turn              (no ring)
MPRegen  0.12/turn              (no ring)

@: flying
A: large, unfitting armour, tough skin 1
a: Renounce Religion, Heroism


You were on level 8 of the Dungeon.
You worshipped Okawaru.
Okawaru was most pleased with you.
You visited 1 branch of the dungeon, and saw 8 of its levels.

You collected 386 gold pieces.

Inventory:

Hand Weapons
 a - a +0 flail
 w - the +8 autumn katana (weapon) {vorpal, Clar}
   (You found it on level 5 of the Dungeon)

   It inflicts extra damage upon your enemies.
   It protects you against confusion.
Missiles
 d - 4 throwing nets
 l - 14 javelins
 o - 12 boomerangs
 p - 6 poisoned darts (quivered)
Armour
 b - a +0 robe (worn)
 c - a +0 hat (worn)
 y - a +0 kite shield (worn)
Jewellery
 i - a cursed ring of teleportation {unknown}
 s - an uncursed amulet of magic regeneration {unknown}
 u - a cursed +6 ring of strength {unknown}
 F - a cursed -4 ring of protection {unknown}
 G - an uncursed amulet of faith {unknown}
Wands
 n - a wand of paralysis (7)
 C - a wand of polymorph (9)
 H - a wand of flame (10)
Scrolls
 f - 8 scrolls of teleportation {unknown}
 g - 2 scrolls of magic mapping {unknown}
 h - 3 scrolls of remove curse {unknown}
 j - a scroll of fog {unknown}
 m - a scroll of amnesia {unknown}
 t - a scroll of fear {unknown}
 x - 2 scrolls of enchant armour {unknown}
 A - 2 scrolls of identify {unknown}
 I - a scroll of immolation {unknown}
Potions
 e - a potion of haste
 k - a potion of might {unknown}
 q - 2 potions of degeneration {unknown}
 r - 2 potions of heal wounds {unknown}
 v - 2 potions of curing
 z - a potion of flight
 B - 2 potions of ambrosia {unknown}
 D - a potion of cancellation {unknown}
 E - a potion of mutation {unknown}


   Skills:
 + Level 8.6 Fighting
 * Level 6.5 Long Blades
 - Level 5.5 Maces & Flails
 - Level 2.0 Throwing
 + Level 6.3 Dodging
 * Level 6.1 Shields


You had 9 spell levels left.
You didn't know any spells.
Your spell library contained the following spells:

 Spells                   Type           Power        Failure   Level
 Confusing Touch          Hex            0%           91%         3
 Gell's Gravitas          Tloc           0%           91%         3
 Petrify                  Tmut/Erth      0%           100%        4
 Metabolic Englaciation   Hex/Ice        0%           100%        5
 Yara's Violent Unravell  Hex/Tmut       0%           100%        5


Dungeon Overview and Level Annotations

Branches:
Dungeon (8/15)             Temple (0/1) D:6
   Lair: D:8-11

Altars:
Dithmenos
Kikubaaqudgha
Makhleb
Nemelex Xobeh
Okawaru
Ru
Vehumet
Zin
The Shining One

Annotations:
D:8 Joseph


Innate Abilities, Weirdness & Mutations

You are too large for most types of armour.
You have tough skin. (AC +1)


Message History

You throw a poisoned dart. The poisoned dart hits Joseph.
Joseph looks as sick as possible!
Joseph is moderately wounded.
Joseph shoots a sling bullet.
You block the sling bullet.
Throw: 7 darts (poison)
Press: ? - help, Q - select action, (/) - cycle Shift-Dir - straight line, f/p - Joseph
Aim: Joseph, wielding a +0 hunting sling, wearing a +0 ring mail and quivering 8 sling bullets (moderately wounded, fast, extremely poisoned, 65% to hit)
You throw a poisoned dart. The poisoned dart barely misses Joseph.
The poisoned dart hits the howler monkey zombie.
Joseph says, "It's nothing personal, but I have to kill you."
Joseph shoots a sling bullet.
The sling bullet hits you!
* * * LOW HITPOINT WARNING * * *
Joseph smiles happily.
Joseph shoots a sling bullet.
The sling bullet hits you!
* * * LOW HITPOINT WARNING * * *
It was a potion of flight.
You feel very buoyant.
You fly up into the air.
Joseph shoots a sling bullet.
The sling bullet hits you!
You die...

.(. #(# #.# #(. #.# #(#
#.# .Z# #.# #@## #.# #..#
#.# #@# ######.## #>#
###........ #.#
#.....##.## #(#
##.#.#.##.#
########.#####......##.#
...........^....#.#..#.##
#######.#######..........
#.# ########.##
#.##############[#


You could see Joseph (fast, extremely poisoned) and a howler monkey zombie.

Vanquished Creatures
  The ghost of funkygono the Arsonist, a journeyman DrFE of Vehumet (D:8)
  An ugly thing (D:8)
  Prince Ribbit (D:8)
  2 orc warriors
  2 black bears
  A sky beast (D:5)
  2 ice beasts
  2 phantoms
  2 centaurs
  Blork the orc (D:5)
  A gnoll sergeant (D:6)
  2 scorpions
  A bullfrog zombie (D:6)
  A jelly (D:8)
  4 hounds
  3 orc priests
  A bullfrog skeleton (D:5)
  A gnoll shaman (D:7)
  11 orc wizards
  An iguana (D:5)
  Natasha (thrice) (D:3)
  7 worker ants
  14 gnolls
  15 adders
  A shadow imp (D:5)
  A white imp (D:7)
  An adder skeleton (D:6)
  An adder zombie (D:6)
  3 worms
  2 dart slugs
  6 leopard geckos
  32 orcs
  4 giant cockroaches
  10 hobgoblins
  3 jackals
  8 kobolds
  3 quokkas
  14 bats
  6 frilled lizards
  6 goblins
  A leopard gecko skeleton (D:5)
  4 rats
186 creatures vanquished.

Notes
Turn   | Place    | Note
-------+----------+-------------------------------------------
     0 | D:1      | Ladykiller69 the Ogre Gladiator began the quest for the
                  | Orb.
     0 | D:1      | Reached XP level 1. HP: 22/22 MP: 1/1
   530 | D:1      | Reached XP level 2. HP: 29/29 MP: 2/2
   538 | D:1      | Reached skill level 3 in Fighting
  1220 | D:1      | Reached XP level 3. HP: 29/37 MP: 3/3
  1967 | D:2      | Reached XP level 4. HP: 37/46 MP: 4/4
  2094 | D:2      | Found a sacrificial altar of Ru.
  2574 | D:2      | HP: 3/72 [poisoned by an adder]
  2978 | D:3      | Noticed Natasha
  2985 | D:3      | Killed Natasha
  2986 | D:3      | Reached skill level 4 in Fighting
  2986 | D:3      | Reached XP level 5. HP: 13/54 MP: 5/5
  3439 | D:3      | Noticed Natasha
  3989 | D:3      | Killed Natasha
  4429 | D:3      | Noticed Natasha
  4444 | D:3      | Killed Natasha
  4445 | D:3      | Reached XP level 6. HP: 50/63 MP: 6/6
  4549 | D:4      | Noticed a phantom
  4578 | D:4      | Found a burning altar of Makhleb.
  4579 | D:4      | Found a glowing silver altar of Zin.
  4579 | D:4      | Noticed an angel
  4580 | D:4      | Noticed a blizzard demon
  4592 | D:4      | Found an iron altar of Okawaru.
  4609 | D:4      | Became a worshipper of Warmaster Okawaru
  4650 | D:4      | Found a glowing golden altar of the Shining One.
  4684 | D:4      | Found a radiant altar of Vehumet.
  4689 | D:4      | Found an ancient bone altar of Kikubaaqudgha.
  5603 | D:4      | Killed a phantom
  5604 | D:4      | Reached skill level 5 in Fighting
  5604 | D:4      | Reached skill level 5 in Maces & Flails
  5979 | D:4      | Reached XP level 7. HP: 66/72 MP: 7/7
  6197 | D:5      | Entered Level 5 of the Dungeon
  6197 | D:5      | Found the +8 autumn katana {vorpal, Clar}
  6362 | D:5      | Reached skill level 1 in Long Blades
  6636 | D:5      | Noticed Blork the orc
  6644 | D:5      | Killed Blork the orc
  6714 | D:5      | Reached skill level 6 in Fighting
  6849 | D:5      | Reached skill level 1 in Shields
  6856 | D:5      | Reached * piety under Okawaru
  6857 | D:5      | Reached XP level 8. HP: 83/83 MP: 8/8
  7871 | D:6      | Reached skill level 5 in Dodging
  7891 | D:5      | HP: 2/84 [something (6)]
  8471 | D:6      | Reached skill level 7 in Fighting
  8589 | D:6      | Found a staircase to the Ecumenical Temple.
  8699 | D:6      | Reached XP level 9. HP: 85/93 MP: 9/9
  9608 | D:7      | Reached ** piety under Okawaru
  9710 | D:7      | Reached skill level 5 in Long Blades
 10092 | D:7      | Found a shadowy altar of Dithmenos.
 10828 | D:8      | Found a sparkling altar of Nemelex Xobeh.
 10885 | D:8      | Noticed a cyan ugly thing
 10907 | D:8      | Killed a cyan ugly thing
 10908 | D:8      | Reached skill level 8 in Fighting
 10908 | D:8      | Reached skill level 5 in Shields
 11171 | D:8      | Found a runed translucent door.
 11174 | D:8      | Noticed funkygono's ghost (journeyman DrFE)
 11183 | D:8      | Noticed Prince Ribbit
 11191 | D:8      | Killed funkygono's ghost
 11191 | D:8      | Reached *** piety under Okawaru
 11192 | D:8      | Reached XP level 10. HP: 34/106 MP: 8/10
 11536 | D:8      | Killed Prince Ribbit
 11644 | D:8      | Noticed Joseph
 11663 | D:8      | Shot with a sling bullet by Joseph

Illustrated notes

Levels and vault maps discovered:
D:1:      dpeg_arrival_renting, layout_basic, chequers_serial_rivers_large_a
D:2:      layout_basic, lemuel_tele_altar
D:3:      layout_rooms, uniq_natasha
D:4:      layout_rooms, lemuel_crystal_altar, minitemple, lemuel_crystal_altar,
          grunt_temple_overflow_order_and_chaos_2,
          hangedman_abyss_or_decor_stagger
D:5:      layout_basic, portal_sewer_entry_e, uniq_blork_the_orc
D:6:      layout_rooms, minmay_temple_entry_hall, minmay_misc_feat_columns,
          minmay_fractal_squares_5
D:7:      layout_loops_ring, nicolae_dithmenos_through_a_glass_darkly
D:8:      layout_loops_ring, basic_altar, ebering_ghost_reflecting_pool,
          serial_glass, glass_columns_a, glass_columns_a, wad_mini_maze,
          uniq_joseph, uniq_prince_ribbit1

Skill      XL: |  1  2  3  4  5  6  7  8  9 |
---------------+----------------------------+-----
Fighting       | 3 4 5 6 7 8 |  8.6
Maces & Flails | 3 4 5 |  5.5
Dodging        | 3 4 5 6 |  6.3
Long Blades    | 2 4 6 |  6.5
Shields        | 1 3 6 |  6.1
Throwing       | |  2.0

Action                   |  1- 3 |  4- 6 |  7- 9 | 10-12 || total
-------------------------+-------+-------+-------+-------++-------
Melee: Flail             |   133 |   191 |     3 |       ||   327
       Katana            |       |       |   241 |    12 ||   253
Throw: Dart              |       |     7 |     5 |    18 ||    30
Invok: Heroism           |       |       |     1 |     2 ||     3
  Use: Potion            |       |     4 |     2 |     1 ||     7
 Stab: Sleeping          |     2 |       |       |       ||     2
Armor: Robe              |    56 |    59 |    26 |       ||   141
       Skin              |       |     2 |       |       ||     2
Dodge: Dodged            |    87 |   116 |    90 |     3 ||   296
Block: Kite shield       |       |       |    78 |     9 ||    87
       Rpst.: Katana     |       |       |    26 |     1 ||    27
